[Event "Team 45 45 League T43"]
[Site "Internet Chess Club"]
[Date "2009.11.06"]
[Round "2"]
[White "Fogbound"]
[Black "Nocturnes"]
[Result "0-1"]
[WhiteElo "1317"]
[BlackElo "1196"]
[Opening "King's Indian: London system"]
[ECO "A45"]
[Time "11:00:19"]
[TimeControl "2700+45"]

1. d4 Nf6 2. Bf4 g6 3. Nf3 Bg7 4. c3 O-O 5. e3 d5 6. Bd3 Nc6 7. Nbd2 Bg4 8. h3
Bxf3 9. Nxf3 Ne4 10. h4 Re8 11. h5 e5 12. dxe5 Nxe5 13. hxg6 Nxd3+ 14. Qxd3 fxg6
15. Ke2 Nc5 16. Qc2 Qf6 17. Ng5 Qxf4 18. Nf3 Qc4+ 19. Kd1 Qd3+ 20. Kc1 Qxc2+ 21.
Kxc2 Bf6 22. Nd4 Bxd4 23. cxd4 Ne4 24. Rh4 Nxf2 25. Re1 Re4 26. Rf4 Rxf4 27.
exf4 Ne4 28. Re2 h5 29. Kb3 Re8 30. Kb4 a5+ 31. Kxa5 Ra8+ 32. Kb4 Rxa2 33. Kb3
Ra6 34. Rc2 Rc6 35. Re2 Rc4 36. Re1 Rxd4 37. Ra1 Nc5+ 38. Kc2 Rc4+ 39. Kd1 Ra4
40. Rc1 Rd4+ 41. Ke2 Re4+ 42. Kf3 Ne6 43. g3 Nd4+ 44. Kg2 Re2+ 45. Kh3 Nf3 46.
g4 h4 47. g5 c6 48. b4 Rb2 49. Ra1 Rxb4 50. Ra8+ Kg7 51. Rd8 Rxf4 52. Rd7+ Rf7
53. Rd6 Nxg5+ 54. Kxh4 Ne4 55. Re6 Rf4+ {White resigns} 0-1

[Event "Team 45 45 League T43"]
[Site "Internet Chess Club"]
[Date "2009.11.08"]
[Round "2"]
[White "check-man"]
[Black "Zohan"]
[Result "1-0"]
[WhiteElo "1511"]
[BlackElo "1300"]
[Opening "Sicilian: closed"]
[ECO "B23"]
[Time "14:00:13"]
[TimeControl "2700+45"]

1. e4 c5 2. Nc3 g6 3. f4 d6 4. Nf3 Bg7 5. Bc4 Nc6 6. d3 Nh6 7. O-O O-O 8. Qe1
Na5 9. Qh4 Nxc4 10. dxc4 f5 11. Nd5 fxe4 12. Nxe7+ Kf7 13. Nxc8 Rxc8 14. Qxd8
Rcxd8 15. Ng5+ Kf6 16. Nxh7+ Kf5 17. Nxf8 Bxf8 18. Be3 Ng4 19. Rfe1 Bg7 20. c3
b6 21. h3 Nxe3 22. Rxe3 Kxf4 23. Rae1 Re8 24. g3+ Kf5 25. Rf1+ Ke5 26. Rf4 d5
27. cxd5 Kxd5 28. Rf7 Bh6 29. Re2 e3 30. Rxa7 Ke4 31. Kf1 Rf8+ 32. Ke1 Rf3 33.
Re7+ Kd3 34. Rd7+ Ke4 35. Rg2 b5 36. Ke2 Bg5 37. h4 Bf6 38. Rf7 Rf5 39. g4 Rf4
40. g5 Be5 41. Rxf4+ Bxf4 42. h5 gxh5 43. g6 Be5 44. g7 Bxg7 45. Rxg7 {Black
resigns} 1-0

[Event "Team 45 45 League T43"]
[Site "Internet Chess Club"]
[Date "2009.11.08"]
[Round "2"]
[White "houseofcook"]
[Black "juniorVishy"]
[Result "1/2-1/2"]
[WhiteElo "1533"]
[BlackElo "1470"]
[Opening "Sicilian: Alapin's variation (2.c3)"]
[ECO "B22"]
[Time "08:00:12"]
[TimeControl "2700+45"]

1. e4 c5 2. c3 g6 3. d4 cxd4 4. cxd4 Bg7 5. Nf3 d6 6. h3 Qb6 7. Nc3 Bd7 8. Nd5
Qd8 9. Be3 Nf6 10. Bc4 Nxe4 11. O-O Nf6 12. Nxf6+ exf6 13. Qb3 O-O 14. Qxb7 Bc6
15. Qb3 Qd7 16. Bd5 Bxd5 17. Qxd5 Qc6 18. Qb3 Nd7 19. Rac1 Qb6 20. Qa4 Qb7 21.
Rc2 Rfc8 22. Rfc1 Rxc2 23. Rxc2 Nb6 24. Qb3 Rc8 25. Bf4 d5 26. Rc3 Rxc3 27. bxc3
Qc6 28. Qb4 g5 29. Bd6 h6 30. Bc5 Qa4 31. Qxa4 Nxa4 32. Bb4 Bf8 33. Ba5 Ba3 34.
Nd2 Bc1 35. Nb1 Bb2 36. Kf1 Kf8 37. Ke2 Ke7 38. Kd2 Kd6 39. Bb4+ Kc6 40. Kc2 Kb5
41. Kb3 f5 42. Na3+ Bxa3 43. Bxa3 Nb6 44. Bc5 a5 45. Bxb6 Kxb6 46. a4 Kc6 47. c4
f4 48. c5 f5 49. f3 h5 50. Kc3 h4 51. Kd3 Kd7 52. Ke2 Ke6 53. Kf2 Kd7 54. Ke2
Kc6 {Game drawn by mutual agreement} 1/2-1/2

[Event "Team 45 45 League T43"]
[Site "Internet Chess Club"]
[Date "2009.11.07"]
[Round "2"]
[White "zigzag2002"]
[Black "slipkid"]
[Result "0-1"]
[WhiteElo "1390"]
[BlackElo "1493"]
[Opening "Queen's pawn game"]
[ECO "D00"]
[Time "12:00:18"]
[TimeControl "2700+45"]

1. d4 Nf6 2. Nc3 d5 3. Nf3 e6 4. a3 c5 5. g3 Nc6 6. Bg2 cxd4 7. Nxd4 Nxd4 8.
Qxd4 Be7 9. Bf4 O-O 10. O-O a6 11. e4 dxe4 12. Qxd8 Rxd8 13. Nxe4 Nd5 14. Be3
Nxe3 15. fxe3 Rb8 16. Rad1 Bd7 17. Rf2 Ba4 18. Rfd2 Bxc2 19. Rxd8+ Rxd8 20.
Rxd8+ Bxd8 21. Nd6 b5 22. Bb7 Be7 23. Nc8 Bc5 24. Kf2 a5 25. Ba6 b4 26. axb4
axb4 27. Ke2 Kf8 28. Kd2 Be4 29. b3 Ke8 30. h4 Kd7 31. g4 Kc7 32. Bb5 Kxc8 33.
Be8 f6 34. Bf7 Bd5 35. Kc2 Bxe3 36. Kd3 Bf2 37. h5 Bxb3 38. Kd2 Bd5 39. Kc2 b3+
40. Kb2 Bd4+ {White resigns} 0-1

[Event "Team 45 45 League T43"]
[Site "Internet Chess Club"]
[Date "2009.11.07"]
[Round "2"]
[White "JimGaming"]
[Black "dinosaurs01"]
[Result "0-1"]
[WhiteElo "1298"]
[BlackElo "1366"]
[Opening "Bishop's opening: Philidor variation"]
[ECO "C23"]
[Time "15:00:56"]
[TimeControl "2700+45"]

1. e4 e5 2. Bc4 Bc5 3. c3 a5 4. d4 exd4 5. cxd4 Bb6 6. Nf3 Nf6 7. Bg5 h6 8. Bxf6
Qxf6 9. O-O O-O 10. Nc3 c6 11. e5 Qe7 12. a3 d6 13. Re1 Be6 14. exd6 Qxd6 15.
Ne4 Qe7 16. Rc1 Bxc4 17. Rxc4 Nd7 18. Nc5 Qd6 19. Nxb7 Qc7 20. Nc5 Bxc5 21. dxc5
Rad8 22. Qc2 Rde8 23. Qd2 Rd8 24. Qc3 Rfe8 25. Qc1 Ne5 26. Nxe5 Rxe5 27. Kf1
Rde8 28. Qf4 Rxe1# {White checkmated} 0-1

[Event "Team 45 45 League T43"]
[Site "Internet Chess Club"]
[Date "2009.11.08"]
[Round "2"]
[White "SATELLITE-DAN"]
[Black "BotanicalKnight"]
[Result "1-0"]
[WhiteElo "1536"]
[BlackElo "1534"]
[Opening "Caro-Kann: classical variation"]
[ECO "B18"]
[Time "13:02:28"]
[TimeControl "2700+45"]

1. e4 c6 2. d4 d5 3. Nc3 dxe4 4. Nxe4 Bf5 5. Bd3 Qxd4 6. Nf3 Qd8 7. Qe2 Nf6 8.
O-O Bxe4 9. Bxe4 e6 10. Rd1 Qc7 11. Bg5 Nbd7 12. Rd2 Be7 13. Rad1 O-O-O 14. Bd3
h6 15. Be3 Nd5 16. Bxa7 b6 17. Ba6+ Qb7 18. Bxb7+ Kxb7 19. Bxb6 N7xb6 20. Ne5
Rhf8 21. a4 Nf4 22. Qe4 Nfd5 23. a5 Na4 24. Qxa4 Rd6 25. a6+ Ka8 26. c4 Nb6 27.
Qa5 Rxd2 28. Rxd2 Nc8 29. Qc7 Bd6 30. Qb7# {Black checkmated} 1-0

[Event "Team 45 45 League T43"]
[Site "Internet Chess Club"]
[Date "2009.11.09"]
[Round "2"]
[White "KingOfHearts"]
[Black "kingphisch"]
[Result "0-1"]
[WhiteElo "1237"]
[BlackElo "1496"]
[Opening "Caro-Kann: advance variation"]
[ECO "B12"]
[Time "18:05:27"]
[TimeControl "2700+45"]

1. e4 c6 2. d4 d5 3. e5 Bf5 4. Nf3 e6 5. Be2 Ne7 6. Bg5 Nd7 7. O-O Qc7 8. Nbd2
c5 9. c3 Nc6 10. Be3 Qb6 11. b3 cxd4 12. cxd4 Ba3 13. Nc4 dxc4 14. d5 Qc7 15.
dxc6 bxc6 16. Bxc4 Bb2 17. Bd3 Bxd3 18. Qxd3 Bxa1 19. Rxa1 Nxe5 20. Nxe5 Qxe5
21. Rc1 Rd8 22. Qa6 O-O 23. Bc5 Rfe8 24. Bxa7 Qb5 25. Qxb5 cxb5 26. g3 Ra8 27.
Rc7 Red8 28. Rb7 Rd1+ 29. Kg2 Ra1 30. Rxb5 Rxa2 31. b4 R2xa7 32. Rc5 Rb7 33. b5
Rab8 {White resigns} 0-1

[Event "Team 45 45 League T43"]
[Site "Internet Chess Club"]
[Date "2009.11.10"]
[Round "2"]
[White "dpmdpm"]
[Black "kjs110"]
[Result "1/2-1/2"]
[WhiteElo "1238"]
[BlackElo "1128"]
[Opening "Caro-Kann defense"]
[ECO "B12"]
[Time "13:00:10"]
[TimeControl "2700+45"]

1. e4 c6 2. d4 d5 3. Bd3 dxe4 4. Bxe4 Nf6 5. Bf3 e6 6. Ne2 Bd6 7. Nbc3 O-O 8.
O-O e5 9. dxe5 Bxe5 10. Qe1 Bf5 11. Bf4 Bxf4 12. Nxf4 Bxc2 13. Qe2 Bf5 14. Rfe1
Qd6 15. g3 Na6 16. Rad1 Qb8 17. Nh5 Re8 18. Nxf6+ gxf6 19. Qd2 Rd8 20. Qh6 Nc5
21. Qxf6 Bc2 22. Qg5+ Kh8 23. Rxd8+ Qxd8 24. Qxc5 Qd2 25. Qe5+ Kg8 26. Re2 Qc1+
27. Re1 Qd2 28. Re2 Qc1+ 29. Re1 Qd2 30. Re2 Qc1+ 31. Re1 Qd2 {Game drawn by
repetition} 1/2-1/2

[Event "Team 45 45 League T43"]
[Site "Internet Chess Club"]
[Date "2009.11.07"]
[Round "2"]
[White "furrbrain"]
[Black "otib2006"]
[Result "1-0"]
[WhiteElo "1195"]
[BlackElo "1140"]
[Opening "Sicilian: Smith-Morra gambit"]
[ECO "B21"]
[Time "06:01:44"]
[TimeControl "2700+45"]

1. e4 c5 2. d4 cxd4 3. c3 dxc3 4. Nxc3 e5 5. Bc4 Nf6 6. Nf3 Bb4 7. Qb3 Bxc3+ 8.
bxc3 O-O 9. Nxe5 Qe7 10. Ba3 Qxe5 11. f3 d6 12. O-O Nc6 13. Rad1 Na5 14. Bxd6
Nxb3 15. Bxe5 Nd7 16. Bd6 Re8 17. Bxb3 Nb6 18. Bb4 Be6 19. Bxe6 Rxe6 20. Rd4 h6
21. Rfd1 Ree8 22. Kf2 Rac8 23. g4 Rc4 24. Rd8 Rxd8 25. Rxd8+ Kh7 26. Ke3 Rc8 27.
Rxc8 Nxc8 28. h4 Kg6 29. f4 h5 30. g5 f6 31. f5+ Kf7 32. g6+ Ke8 33. Kf4 b6 34.
a4 a5 35. Ba3 Na7 36. Ke3 b5 37. Kd4 Kd7 38. Kd5 bxa4 39. c4 Nc6 40. Kc5 Ne5 41.
Kb5 Nf3 42. c5 Nxh4 43. c6+ Kc7 44. Bd6+ Kc8 45. Kb6 Nf3 46. Bf8 h4 47. Bxg7 h3
48. Bxf6 h2 49. g7 h1=Q 50. g8=Q# {Black checkmated} 1-0

[Event "Team 45 45 League T43"]
[Site "Internet Chess Club"]
[Date "2009.11.06"]
[Round "2"]
[White "crazyhorses"]
[Black "Razorbackchess"]
[Result "0-1"]
[WhiteElo "1576"]
[BlackElo "1791"]
[Opening "Sicilian defense"]
[ECO "B40"]
[Time "18:31:09"]
[TimeControl "2700+45"]

1. e4 c5 2. Nf3 e6 3. d3 Nc6 4. g3 g6 5. Bg2 Bg7 6. O-O Nge7 7. Nbd2 O-O 8. Re1
e5 9. a4 d6 10. Nc4 h6 11. c3 Be6 12. Bd2 Kh7 13. Qe2 Qd7 14. Rab1 f5 15. Nh4
Bf6 16. exf5 Nxf5 17. Nxf5 Bxf5 18. Ne3 Be6 19. Nd5 Bg7 20. Be3 Qf7 21. c4 Rad8
22. f4 exf4 23. Nxf4 Nd4 24. Bxd4 Bxd4+ 25. Kh1 Bf5 26. Bd5 Qd7 27. Qe7+ Bg7 28.
Bxb7 Qxa4 29. Ne6 Bxe6 30. Qxe6 Qc2 31. Be4 Rf6 32. Qe7 Rf2 33. Bxg6+ Kxg6 34.
Re6+ Bf6 {White forfeits on time} 0-1

[Event "Team 45 45 League T43"]
[Site "Internet Chess Club"]
[Date "2009.11.07"]
[Round "2"]
[White "allanchs"]
[Black "UnderRated"]
[Result "0-1"]
[WhiteElo "1526"]
[BlackElo "1742"]
[Opening "Sicilian: Scheveningen, 6.Be2"]
[ECO "B83"]
[Time "08:04:05"]
[TimeControl "2700+45"]

1. e4 c5 2. Nf3 e6 3. d4 cxd4 4. Nxd4 Nf6 5. Nc3 d6 6. Be2 Be7 7. Bg5 h6 8. Bh4
Nxe4 9. Bxe7 Nxc3 10. Bxd8 Nxd1 11. Rxd1 Kxd8 12. O-O a6 13. Bf3 Ra7 14. Rfe1 g6
15. Nb3 Ke7 16. c4 b6 17. Nd2 Bb7 18. Bxb7 Rxb7 19. Nf1 Rd8 20. Ne3 Kf6 21. Re2
h5 22. Red2 Rbd7 23. f4 Nc6 24. Kf2 Ne7 25. Kf3 d5 26. cxd5 Nxd5 27. Nc4 Ke7 28.
g3 f6 29. a3 Rc8 30. b3 b5 31. Ne3 Rc3 32. Rd3 Rxd3 33. Rxd3 Nxe3 34. Rxd7+ Kxd7
35. Kxe3 Kd6 36. Kd4 e5+ 37. fxe5+ fxe5+ 38. Ke4 Ke6 39. h3 g5 40. h4 gxh4 41.
gxh4 a5 42. a4 b4 {White resigns} 0-1

[Event "Team 45 45 League T43"]
[Site "Internet Chess Club"]
[Date "2009.11.06"]
[Round "2"]
[White "smsxman"]
[Black "ElmerHo"]
[Result "1-0"]
[WhiteElo "1581"]
[BlackElo "1481"]
[Opening "Petrov three knights game"]
[ECO "C42"]
[Time "20:30:35"]
[TimeControl "2700+45"]

1. e4 e5 2. Nf3 Nf6 3. Nc3 Bb4 4. Bc4 O-O 5. d3 Nc6 6. O-O Bxc3 7. bxc3 d6 8. a4
h6 9. Bb3 Qe7 10. Nh4 Nxe4 11. Ng6 {Black resigns} 1-0

[Event "Team 45 45 League T43"]
[Site "Internet Chess Club"]
[Date "2009.11.07"]
[Round "2"]
[White "kingphisch"]
[Black "houseofcook"]
[Result "1/2-1/2"]
[WhiteElo "1494"]
[BlackElo "1536"]
[Opening "Réti: King's Indian attack, French variation"]
[ECO "C00"]
[Time "13:04:03"]
[TimeControl "2700+45"]

1. e4 e6 2. d3 d5 3. Nd2 c5 4. g3 Nc6 5. Bg2 Nf6 6. Ngf3 Be7 7. O-O O-O 8. Re1
e5 9. c3 d4 10. Nc4 Qc7 11. Bd2 b5 12. Na3 a6 13. Qc2 Bd7 14. c4 b4 15. Nb1 a5
16. b3 Ra7 17. a4 Ne8 18. Bg5 Bxg5 19. Nxg5 f6 20. Nf3 Nd6 21. Nbd2 Qc8 22. Nh4
Rc7 23. Qd1 Bg4 24. Bf3 Bxf3 25. Ndxf3 f5 26. Ng5 Qe8 27. exf5 Nxf5 28. Nxf5
Rxf5 29. Ne4 Qf8 30. Qg4 Ne7 31. Ra2 Rc6 32. Rf1 Rg6 33. Qe2 Nc6 34. f3 h5 35.
h3 h4 36. g4 Rf4 37. Qf2 Qe7 38. Qg2 Nd8 39. Re2 Ne6 40. Rfe1 Ng5 41. Nxg5 Rxg5
42. Qf2 Qf6 43. Kg2 Rff5 44. Rf1 Rg6 45. Kh2 Rf4 46. Re4 Rg5 47. Qe2 Kf7 48. Qg2
Kg8 49. Qe2 Kf7 50. Qg2 Kg8 51. Qf2 Kf7 52. Kg2 Rg6 53. Rfe1 Rf5 54. Rf1 Rf4 55.
Qd2 Rg5 56. Rxf4 Qxf4 57. Qxf4+ exf4 58. Re1 Kf6 59. Re4 Re5 60. Kf2 Rxe4 61.
dxe4 Ke5 62. Ke2 g5 63. Kd3 Ke6 {Game drawn by mutual agreement} 1/2-1/2

[Event "Team 45 45 League T43"]
[Site "Internet Chess Club"]
[Date "2009.11.08"]
[Round "2"]
[White "SidVicious"]
[Black "powerchess1"]
[Result "0-1"]
[WhiteElo "1758"]
[BlackElo "1761"]
[Opening "Dutch"]
[ECO "A80"]
[Time "11:01:05"]
[TimeControl "2700+45"]

1. d4 f5 2. Nf3 Nf6 3. e3 g6 4. Bd3 Bg7 5. b3 O-O 6. Bb2 Nc6 7. O-O d6 8. a3 Ne4
9. c4 e5 10. d5 Nb8 11. Bxe4 fxe4 12. Nfd2 Bf5 13. Nc3 Qh4 14. Ncxe4 Nd7 15. Rc1
Nc5 16. Nxc5 dxc5 17. Nf3 Qe7 18. Qd2 Be4 19. Ne1 Rad8 20. f3 Qf7 21. Qe2 Bf5
22. e4 Bc8 23. Nd3 Rde8 24. Nxc5 Bh6 25. Rcd1 Qf6 26. Nd3 Bg7 27. b4 Qg5 28. c5
b6 29. Bc1 Qd8 30. Be3 Ba6 31. Qa2 Kh8 32. Rfe1 Qh4 33. Bf2 Qg5 34. a4 Rxf3 35.
b5 Bc8 36. Bg3 Rf7 37. d6 Rd7 38. dxc7 Rxc7 39. cxb6 axb6 40. Nb4 Bg4 41. Rb1
Be6 42. Qf2 Bf8 43. Qxb6 Bc5+ 44. Bf2 Bxb6 45. Bxb6 Rc4 46. a5 Qd2 47. Nc6 Rc2
{White resigns} 0-1

[Event "Team 45 45 League T43"]
[Site "Internet Chess Club"]
[Date "2009.11.07"]
[Round "2"]
[White "BotanicalKnight"]
[Black "ILRE"]
[Result "1/2-1/2"]
[WhiteElo "1551"]
[BlackElo "1593"]
[Opening "King's pawn opening"]
[ECO "B07"]
[Time "13:04:41"]
[TimeControl "2700+45"]

1. e4 d6 2. Nc3 g6 3. g3 Bg7 4. Bg2 e5 5. d3 Nf6 6. f4 Nc6 7. Nf3 Bg4 8. h3 Bxf3
9. Bxf3 Nd4 10. O-O Nxf3+ 11. Qxf3 Qd7 12. fxe5 dxe5 13. Bg5 Nh5 14. g4 Nf4 15.
Bxf4 exf4 16. Qxf4 Bxc3 17. bxc3 Rf8 18. Qe5+ Qe7 19. Qd5 c6 20. Qd4 h5 21. e5
hxg4 22. Qxg4 Rh8 23. d4 Rh5 24. Kh2 Rh4 25. Qf3 Qe6 26. Rf2 Ke7 27. Qf6+ Qxf6
28. Rxf6 Rah8 29. Rf3 R8h7 30. Rg1 Ke6 31. Rgg3 b6 32. Rf6+ Kd5 33. e6 fxe6 34.
Rfxg6 R4h5 35. c4+ Kxc4 36. Rxe6 c5 37. dxc5 Rxc5 38. Re4+ Kd5 39. Rf4 Rxc2+ 40.
Rg2 Rc3 41. Rg3 Rc4 42. Rff3 Rc2+ 43. Rg2 Rxg2+ 44. Kxg2 Ke4 45. Rg3 Kf5 46.
Rf3+ Ke4 47. Rg3 {Game drawn by mutual agreement} 1/2-1/2

[Event "Team 45 45 League T43"]
[Site "Internet Chess Club"]
[Date "2009.11.05"]
[Round "2"]
[White "Helaman"]
[Black "ticopatzer"]
[Result "1/2-1/2"]
[WhiteElo "1468"]
[BlackElo "1582"]
[Opening "Petrov: classical attack"]
[ECO "C42"]
[Time "19:00:15"]
[TimeControl "2700+45"]

1. e4 e5 2. Nf3 Nf6 3. Nxe5 d6 4. Nf3 Nxe4 5. d4 Be7 6. Bd3 d5 7. Nc3 Bf5 8. O-O
O-O 9. Bf4 a6 10. Ne2 Re8 11. Re1 Bf6 12. Ng3 Bg6 13. c3 Nc6 14. Qc2 Nxg3 15.
Bxg6 fxg6 16. Bxg3 Ne7 17. Re6 Nf5 18. Rxe8+ Qxe8 19. Re1 Qf7 20. Qd2 Nxg3 21.
hxg3 c6 22. Qe2 {Game drawn by mutual agreement} 1/2-1/2

[Event "Team 45 45 League T43"]
[Site "Internet Chess Club"]
[Date "2009.11.09"]
[Round "2"]
[White "Fogbound"]
[Black "BrandonBee"]
[Result "0-1"]
[WhiteElo "1310"]
[BlackElo "1531"]
[Opening "Queen's pawn, Mason variation"]
[ECO "D00"]
[Time "14:30:07"]
[TimeControl "2700+45"]

1. d4 d5 2. Bf4 e6 3. Nf3 c5 4. c3 Nc6 5. e3 cxd4 6. exd4 Nf6 7. Bd3 Be7 8. Nbd2
Nd7 9. O-O g5 10. Bg3 h5 11. Re1 g4 12. Ne5 Ndxe5 13. Bxe5 Nxe5 14. Rxe5 Bd6 15.
Qe2 Bxe5 16. Qxe5 f6 17. Bg6+ Ke7 18. Qe2 Qg8 19. Bc2 h4 20. Qb5 b6 21. Qc6 Bd7
22. Qc7 Qc8 23. Qf4 f5 24. Qg5+ Kd6 25. Qf4+ Kc6 26. Ba4+ Kb7 27. Bc2 Qc7 28.
Qg5 Rag8 29. Qf6 g3 30. h3 gxf2+ 31. Kxf2 Qg3+ 32. Ke2 Qxg2+ 33. Ke1 Qxh3 34.
Qe5 Rg1+ 35. Ke2 Rg2+ 36. Ke1 Qg3+ 37. Qxg3 hxg3 38. Nf3 Rh1+ {White resigns}
0-1

[Event "Team 45 45 League T43"]
[Site "Internet Chess Club"]
[Date "2009.11.08"]
[Round "2"]
[White "Paulkov"]
[Black "Folgers"]
[Result "1-0"]
[WhiteElo "2036"]
[BlackElo "1990"]
[Opening "KP: Nimzovich defense"]
[ECO "B00"]
[Time "20:00:42"]
[TimeControl "2700+45"]

1. e4 Nc6 2. d4 e5 3. dxe5 Nxe5 4. Nf3 Qf6 5. Nxe5 Qxe5 6. Bd3 Bb4+ 7. Nd2 d5 8.
O-O Ne7 9. Nf3 Qh5 10. exd5 Qxd5 11. c4 Qd6 12. a3 Bc5 13. b4 Bd4 14. c5 Bxc5
15. bxc5 Qxc5 16. Qc2 Qxc2 17. Bxc2 O-O 18. Re1 Ng6 19. Bxg6 fxg6 20. Re7 Rf7
21. Rxf7 Kxf7 22. Bf4 c5 23. Rd1 Bf5 24. h3 Re8 25. g4 Bc8 26. Kf1 h6 27. Ne5+
Kf6 28. Nd7+ Bxd7 29. Rxd7 Re7 30. g5+ Ke6 31. Rxe7+ Kxe7 32. gxh6 gxh6 33. Bxh6
b5 34. Be3 Kd6 35. Ke2 a5 36. Kd3 Kd5 37. Kc3 a4 38. h4 Kc6 39. f3 Kd5 40. Bf2
Kd6 41. f4 Kd5 42. f5 gxf5 43. h5 b4+ 44. axb4 cxb4+ 45. Kxb4 Ke6 46. Be3 Kf6
47. Kxa4 Ke5 48. Kb5 Kf6 49. Kc6 Ke6 50. Bf4 Ke7 51. Kd5 Kf6 52. Kd6 Kf7 53. Ke5
Ke7 54. Kxf5 Kf7 55. Be5 Kg8 56. Kg6 {Black resigns} 1-0

[Event "Team 45 45 League T43"]
[Site "Internet Chess Club"]
[Date "2009.11.07"]
[Round "2"]
[White "miazga"]
[Black "poni"]
[Result "1-0"]
[WhiteElo "1984"]
[BlackElo "1923"]
[Opening "Polish (Sokolsky) opening"]
[ECO "A00"]
[Time "07:01:11"]
[TimeControl "2700+45"]

1. b4 e5 2. Bb2 d6 3. c4 f5 4. e3 Nf6 5. Nf3 Be7 6. Nc3 O-O 7. Qb3 Kh8 8. d4 e4
9. Ng5 c6 10. h4 Nh5 11. Be2 Qe8 12. g3 Na6 13. a4 Nc7 14. b5 h6 15. O-O-O Bd7
16. d5 cxb5 17. axb5 a5 18. Na4 Na6 19. Bxh5 Qxh5 20. bxa6 bxa6 21. Ne6 Bxe6 22.
dxe6 Rab8 23. Qc2 Rfc8 24. Rd4 Rc6 25. Nc3 Bf6 26. Nd5 Bxd4 27. Bxd4 Rbc8 28.
Bxg7+ Kxg7 29. Qb2+ {Black resigns} 1-0

[Event "Team 45 45 League T43"]
[Site "Internet Chess Club"]
[Date "2009.11.08"]
[Round "2"]
[White "koni"]
[Black "HumanTornado"]
[Result "1-0"]
[WhiteElo "1995"]
[BlackElo "1841"]
[Opening "English: symmetrical, four knights system"]
[ECO "A30"]
[Time "14:00:38"]
[TimeControl "2700+45"]

1. Nf3 Nf6 2. c4 c5 3. Nc3 Nc6 4. g3 g6 5. d4 cxd4 6. Nxd4 Bg7 7. Bg2 O-O 8. O-O
a6 9. c5 Re8 10. Na4 d5 11. cxd6 Qxd6 12. Nxc6 Bd7 13. Nb6 Bxc6 14. Nxa8 Rxa8
15. Qxd6 exd6 16. Bf4 Bxg2 17. Kxg2 d5 18. Rac1 Nh5 19. Rc2 Nxf4+ 20. gxf4 Bf8
21. Rfc1 {Black resigns} 1-0

[Event "Team 45 45 League T43"]
[Site "Internet Chess Club"]
[Date "2009.11.08"]
[Round "2"]
[White "mickeys"]
[Black "SneakyRed"]
[Result "1-0"]
[WhiteElo "1882"]
[BlackElo "1837"]
[Opening "QGD Slav: 4.e3 Bf5"]
[ECO "D12"]
[Time "10:00:57"]
[TimeControl "2700+45"]

1. d4 d5 2. Nf3 Nf6 3. c4 c6 4. e3 Bf5 5. Bd3 Bg6 6. Nc3 e6 7. O-O Nbd7 8. Qe2
Be7 9. e4 dxc4 10. Bxc4 b5 11. Bd3 b4 12. Na4 O-O 13. Bf4 Nh5 14. Be3 Qa5 15. b3
c5 16. Rac1 cxd4 17. Nxd4 Ne5 18. Bb1 Qd8 19. Rfd1 Nd7 20. Nc6 Qe8 21. Nxe7+
Qxe7 22. Rc7 Rfd8 23. Nc5 Nhf6 24. Nb7 Rdc8 25. Bc5 Qe8 26. Nd6 Rxc7 27. Nxe8
Rxc5 28. Nd6 a5 29. Nc4 Ne5 30. Qd2 h6 31. Qd6 Ned7 32. e5 Bxb1 33. exf6 Bxa2
34. Qxd7 Bxb3 35. Nd6 e5 36. Qg4 g6 37. Qh3 h5 38. Qxb3 Ra7 39. Qe3 Rac7 40. Qh6
{Black resigns} 1-0

[Event "Team 45 45 League T43"]
[Site "Internet Chess Club"]
[Date "2009.11.08"]
[Round "2"]
[White "MRX"]
[Black "Majamutu"]
[Result "0-1"]
[WhiteElo "1679"]
[BlackElo "2011"]
[Opening "King's Indian: Andersson variation"]
[ECO "E92"]
[Time "13:08:50"]
[TimeControl "2700+45"]

1. d4 Nf6 2. Nf3 g6 3. c4 Bg7 4. Nc3 O-O 5. e4 d6 6. Be2 e5 7. dxe5 dxe5 8. Qxd8
Rxd8 9. Bg5 Re8 10. O-O-O Be6 11. Nd5 Bxd5 12. exd5 Ne4 13. Bh4 Nd7 14. Bd3 Nec5
15. Bc2 a5 16. Rhe1 a4 17. Nd2 f5 18. f3 c6 19. Re2 cxd5 20. cxd5 b5 21. Rde1
Rac8 22. Kb1 Kh8 23. g4 f4 24. Ne4 Nxe4 25. Bxe4 Nc5 26. d6 Bf8 27. Rd1 Nd7 28.
Bb7 Rc5 29. Bf2 Rc4 30. Bd5 Rcc8 31. Bf7 Kg7 32. Bxe8 Rxe8 33. Rc2 Kf6 34. Rc7
Ke6 35. Bh4 h6 36. Rc6 g5 37. Be1 Rb8 38. Ba5 b4 39. Bc7 Rb7 40. h3 b3 41. a3
Rb5 42. Rc4 Rd5 43. Rxd5 Kxd5 44. Rxa4 Bxd6 45. Bxd6 Kxd6 46. Ra6+ Kd5 47. Kc1
e4 48. Ra5+ Nc5 49. fxe4+ Kd4 50. Rxc5 Kxc5 51. Kd2 Kd4 52. Ke2 Kxe4 53. Kf2 Kd3
54. Kf3 Kc2 55. a4 Kxb2 56. a5 Kc3 57. a6 b2 58. a7 b1=Q 59. a8=Q Qh1+ {White
resigns} 0-1

[Event "Team 45 45 League T43"]
[Site "Internet Chess Club"]
[Date "2009.11.07"]
[Round "2"]
[White "CaoCao"]
[Black "NFK"]
[Result "1-0"]
[WhiteElo "1973"]
[BlackElo "1704"]
[Opening "Pirc: classical, h3 system"]
[ECO "B08"]
[Time "10:00:18"]
[TimeControl "2700+45"]

1. e4 d6 2. d4 Nf6 3. Nc3 g6 4. Nf3 Bg7 5. h3 O-O 6. Be3 c6 7. Be2 b5 8. a3 Bb7
9. Nd2 Nbd7 10. O-O e5 11. dxe5 dxe5 12. Qe1 Qc7 13. Nb3 Rad8 14. f3 a6 15. Nc5
Nxc5 16. Bxc5 Rfe8 17. Qf2 Nd7 18. Be3 Bf8 19. Rfd1 Re6 20. g4 a5 21. Kh1 Ba6
22. a4 Rb8 23. axb5 cxb5 24. Nd5 Qxc2 25. Rd2 Qc8 26. Rdd1 a4 27. Rac1 Rc6 28.
Rxc6 Qxc6 29. Rc1 Qd6 30. g5 f5 31. gxf6 Nxf6 32. Bc5 Qe6 33. Nxf6+ Qxf6 34.
Bxf8 Rxf8 35. Qc5 Qe6 36. Qd5 Qxd5 37. exd5 Rd8 38. Rc5 Bb7 39. Rxb5 Bxd5 40.
Rxd5 Rc8 41. Rxe5 Rc2 42. Bb5 Rxb2 43. Bxa4 Rf2 44. Bc6 Kg7 45. Kg1 Rb2 46. Rb5
Rd2 47. Be4 Ra2 48. Rc5 Rd2 49. Rc2 Rd6 50. Kg2 Kh6 51. Kg3 Rb6 52. h4 Rb5 53.
Kf4 Rh5 54. Kg4 Re5 55. Rd2 Rc5 56. Rd5 Rc1 57. h5 Rg1+ 58. Kf4 g5+ 59. Ke3 Re1+
60. Kf2 Ra1 61. Rd7 Ra2+ 62. Kg3 g4 63. Rxh7+ Kg5 64. Rg7+ Kf6 65. Rg6+ {Black
resigns} 1-0

[Event "Team 45 45 League T43"]
[Site "Internet Chess Club"]
[Date "2009.11.08"]
[Round "2"]
[White "BrerRabbit"]
[Black "frank001"]
[Result "1/2-1/2"]
[WhiteElo "1561"]
[BlackElo "1846"]
[Opening "English: Anglo-Dutch defense"]
[ECO "A10"]
[Time "21:00:43"]
[TimeControl "2700+45"]

1. c4 f5 2. g3 e6 3. Bg2 d5 4. Nf3 Nf6 5. O-O c6 6. b3 Bd6 7. Bb2 O-O 8. d3 Nbd7
9. Nbd2 e5 10. Re1 e4 11. Nd4 Ng4 12. Ne6 Qe7 13. Nxf8 Qxf8 14. Nf1 Bb4 15. Rc1
Bxe1 16. Qxe1 dxc4 17. dxc4 Qc5 18. Rd1 Nde5 19. Rd8+ Kf7 20. h3 Nf6 21. Rd2 Ng6
22. Bd4 Qe7 23. Bb2 Be6 24. f4 Rd8 25. Ne3 Nh5 26. Kh2 Rxd2 27. Qxd2 Qc7 28. Nf1
Qb6 29. Qd4 Qa5 30. Qc3 Qb6 31. Qd4 Qa5 32. Qc3 Qb6 {Game drawn by mutual
agreement} 1/2-1/2

[Event "Team 45 45 League T43"]
[Site "Internet Chess Club"]
[Date "2009.11.09"]
[Round "2"]
[White "dinkola"]
[Black "Duguesclin"]
[Result "1-0"]
[WhiteElo "1713"]
[BlackElo "1699"]
[Opening "Nimzo-Indian: 4.e3 O-O, 5.Bd3"]
[ECO "E47"]
[Time "15:00:08"]
[TimeControl "2700+45"]

1. d4 Nf6 2. c4 e6 3. Nc3 Bb4 4. e3 O-O 5. Bd3 b6 6. Nf3 Bb7 7. O-O d5 8. Bd2
Nbd7 9. cxd5 Bxc3 10. bxc3 Nxd5 11. c4 N5f6 12. Re1 c5 13. Bc3 Ne4 14. Bb2 f5
15. Nd2 Ndf6 16. f3 Nxd2 17. Qxd2 Qc7 18. d5 exd5 19. cxd5 Nxd5 20. Bc4 Rad8 21.
e4 fxe4 22. fxe4 b5 23. Bxd5+ Kh8 24. Qg5 Bxd5 25. exd5 c4 26. Re7 Qc5+ 27. Kh1
{Black resigns} 1-0